 Dungeon Sprint DCSS version 0.23.2-1-ga50397a6bc (webtiles) character file.

Game seed: 6972716799303303814

214 Groucho the Covert (level 5, -2/24 HPs)
             Began as a Spriggan Enchanter on May 23, 2019.
             Slain by a neqoxec (7 damage)
             ... in the Dungeon (Sprint II: "The Violet Keep of Menkaure").
             The game lasted 00:02:07 (445 turns).

Groucho the Covert (Spriggan Enchanter)              Turns: 445, Time: 00:02:07

Health: -2/24      AC:  2    Str:  4      XL:     5   Next: 60%
Magic:  3/16       EV: 18    Int: 14 (17) God:
Gold:   0          SH:  0    Dex: 17      Spells: 8/20 levels left

rFire    . . .     SeeInvis +   a - +1 dagger
rCold    . . .     Gourm    .   (shield restricted)
rNeg     . . .     Faith    .   b - +0 robe
rPois    .         Spirit   .   (helmet restricted)
rElec    .         Reflect  .   (no cloak)
rCorr    .         Harm     .   (gloves unavailable)
MR       .....     NoTele   +   (boots unavailable)
Stlth    +++++.....             (no amulet)
HPRegen  0.08/turn              (no ring)
MPRegen  0.15/turn              (no ring)

@: very quick
A: very small, unfitting armour, see invisible, herbivore, speed 3, slow
metabolism 2
a: no special abilities


You were in the Dungeon.
You were not hungry.

You visited 1 branch

Inventory:

Hand Weapons
 a - a +1 dagger (weapon)
Armour
 b - a +0 robe (worn)
Scrolls
 j - a scroll of blinking
Potions
 e - a potion of curing
 f - a potion of heal wounds
 g - a potion of haste
 h - a potion of magic
Comestibles
 d - a ration


   Skills:
 - Level 1.1 Short Blades
 - Level 3.0 Dodging
 - Level 11.4 Stealth
 + Level 8.4 Spellcasting
 + Level 8.7 Hexes


You had 8 spell levels left.
You knew the following spells:

 Your Spells              Type           Power        Failure   Level  Hunger
a - Corona                Hex            ####...      1%          1    None
b - Ensorcelled Hibernat  Hex/Ice        ###...       3%          2    None
c - Confuse               Hex            ####....     1%          3    ##.....
d - Dazzling Spray        Conj/Hex       ###...       6%          3    ##.....
e - Tukima's Dance        Hex            ####....     1%          3    ##.....

Your spell library contained the following spells:

 Spells                   Type           Power        Failure   Level  Hunger


Dungeon Overview and Level Annotations

Branches:
Dungeon (1/1)

Altars:


Innate Abilities, Weirdness & Mutations

You are very small and have problems with some larger weapons.
You are too small for most types of armour.
You have supernaturally acute eyesight. (SInv)
You are a herbivore.
You cover ground extremely quickly.
You need to consume almost no food.


Message History

Casting: Ensorcelled Hibernation (safe; 3% risk of failure)
Confirm with . or Enter, or press ? or * to list all spells.
Aiming: Confuse (safe; 1% risk of failure)
Press: ? - help, Shift-Dir - straight line, f/p - neqoxec
Aim: a neqoxec (chance to defeat MR: 41%)
The neqoxec resists with some effort.
The neqoxec hits you!
* * * LOW HITPOINT WARNING * * *
Casting: Confuse (safe; 1% risk of failure)
Confirm with . or Enter, or press ? or * to list all spells.
Aiming: Confuse (safe; 1% risk of failure)
Press: ? - help, Shift-Dir - straight line, f/p - neqoxec
Aim: a neqoxec (chance to defeat MR: 41%)
The neqoxec resists with some effort.
The neqoxec completely misses you.
Casting: Confuse (safe; 1% risk of failure)
Confirm with . or Enter, or press ? or * to list all spells.
Aiming: Confuse (safe; 1% risk of failure)
Press: ? - help, Shift-Dir - straight line, f/p - neqoxec
Aim: a neqoxec (chance to defeat MR: 41%)
The neqoxec resists with some effort.
The neqoxec hits you!
You die...

## ## H# #H
### .#. ##
#3###+# #.#
#.#@##.##..#
+3##'.<.'#
#5 ###.##..#
## #+# #.#
.#$ ## .w .w
##. .## ##
##


You could see a neqoxec.

Vanquished Creatures
  A neqoxec (D)
  4 worker ants (D)
5 creatures vanquished.

Vanquished Creatures (others)
  A crocodile (D)
1 creature vanquished.

Grand Total: 6 creatures vanquished

Notes
Turn   | Place    | Note
-------+----------+-------------------------------------------
     0 | D        | Groucho the Spriggan Enchanter began the quest for the Orb.
     0 | D        | Reached XP level 1. HP: 9/9 MP: 5/5
     1 | D        | Noticed a hippogriff
     1 | D        | Noticed a hippogriff
     4 | D        | Noticed a worker ant
     4 | D        | Noticed a worker ant
     4 | D        | Noticed a worker ant
     4 | D        | Noticed a worker ant
    10 | D        | Killed a worker ant
    10 | D        | Reached skill level 9 in Stealth
    10 | D        | Reached XP level 2. HP: 10/13 MP: 6/6
    13 | D        | Reached skill level 11 in Stealth
    13 | D        | Reached XP level 3. HP: 13/16 MP: 8/8
    21 | D        | Reached XP level 4. HP: 7/21 MP: 9/11
    23 | D        | Reached skill level 5 in Spellcasting
    23 | D        | Reached skill level 5 in Hexes
    27 | D        | Killed a crocodile
    34 | D        | HP: 1/21 [poisoned by a worker ant]
   407 | D        | Learned a level 2 spell: Ensorcelled Hibernation
   411 | D        | Learned a level 3 spell: Confuse
   415 | D        | Learned a level 3 spell: Dazzling Spray
   419 | D        | Learned a level 3 spell: Tukima's Dance
   424 | D        | Noticed a tyrant leech
   424 | D        | Noticed a tyrant leech
   428 | D        | Noticed a neqoxec
   431 | D        | Killed a neqoxec
   431 | D        | Reached XP level 5. HP: 24/24 MP: 12/16
   432 | D        | Noticed a neqoxec
   433 | D        | Noticed a neqoxec
   433 | D        | Noticed a neqoxec
   445 | D        | Slain by a neqoxec

Skill      XL: |  1  2  3  4 |
---------------+-------------+-----
Stealth        | 9 11 | 11.4
Spellcasting   | 4 8 |  8.4
Hexes          | 4 8 |  8.7
Short Blades   | |  1.1
Dodging        | |  3.0

Action                   |  1- 3 |  4- 6 || total
-------------------------+-------+-------++-------
Melee: Dagger            |    16 |     3 ||    19
 Cast: Ensorcelled Hiber |       |     7 ||     7
       Confuse           |       |     4 ||     4
  Use: Potion            |     1 |     1 ||     2
 Stab: Sleeping          |       |     1 ||     1
Armor: Robe              |     1 |       ||     1
Dodge: Dodged            |     5 |     5 ||    10
